 Dungeon Crawl Stone Soup version 0.27.0-1-g7a089689b8 (webtiles) character file.

Game seed: 11548068729930709090

614 infcreate the Covered (level 7, -2/44 HPs)
             Began as a Gargoyle Fighter on Aug 7, 2021.
             Was an Initiate of Okawaru.
             Slain by an ogre (21 damage)
             ... on level 3 of the Dungeon.
             The game lasted 00:07:44 (5572 turns).

infcreate the Covered (Gargoyle Fighter)            Turns: 5572, Time: 00:07:44

Health: -2/44      AC: 21    Str: 20    XL:     7   Next: 44%
Magic:  7/7        EV:  4    Int: 10    God:    Okawaru [......]
Gold:   240        SH:  9    Dex:  9    Spells: 6/6 levels left

rFire    + . .     SeeInvis .   (no weapon)
rCold    . . .     Faith    .   c - +0 kite shield
rNeg     + . .     Spirit   .   p - +0 plate armour
rPois    ∞         Reflect  .   (no helmet)
rElec    +         Harm     .   r - +2 cloak
rCorr    .         Rampage  .   o - +0 pair of gloves
Will     .....                  (no boots)
Stlth    ..........             (no amulet)
HPRegen  0.14/turn              F - ring of protection from fire
MPRegen  0.10/turn              (no ring)

@: no status effects
A: sickness immunity, AC +4, negative energy resistance 1, electricity
resistance, torment resistance 1, petrification resistance
a: Renounce Religion


You were on level 3 of the Dungeon.
You worshipped Okawaru.
Okawaru was noncommittal.
You visited 2 branches of the dungeon, and saw 6 of its levels.

You collected 240 gold pieces.


Innate Abilities, Weirdness & Mutations

You are immune to sickness and miasma.
Your stone body is resilient. (AC +4)
You are immune to poison.
You resist negative energy. (rN+)
You are resistant to electric shocks. (rElec)
You are resistant to unholy torment.
You are immune to petrification.


   Skills:
 + Level 5.3 Fighting
 + Level 4.3 Maces & Flails
 + Level 5.4 Armour
 + Level 5.3 Shields


You had 6 spell levels left.
You didn't know any spells.
Your spell library was empty.

Inventory:

Hand Weapons
 t - a +3 dire flail of draining
Armour
 c - a +0 kite shield (worn)
 o - a +0 pair of gloves (worn)
 p - a +0 plate armour (worn)
 r - a +2 cloak (worn)
Jewellery
 C - a ring of ice
 F - a ring of protection from fire (left hand)
Scrolls
 e - a scroll of teleportation {@r2}
 f - 2 scrolls of acquirement {unknown}
 g - 3 scrolls of identify {unknown}
 j - a scroll of fear {unknown}
 k - a scroll of magic mapping {unknown}
 l - a scroll of immolation
 n - a scroll of vulnerability {unknown}
 q - a scroll of silence {unknown}
 s - a scroll of amnesia {unknown}
Potions
 b - 2 potions of curing {unknown}
 d - a potion of might
 h - 2 potions of brilliance {unknown}
 i - 2 potions of degeneration {unknown}
 m - a potion of ambrosia {unknown}

Dungeon Overview and Level Annotations

Branches:
Dungeon (5/15)             Temple (1/1) D:4

Altars:
Cheibriados
Elyvilon
Fedhas
Gozag
Makhleb
Nemelex Xobeh
Okawaru
Ru
Sif Muna
Uskayaw
Wu Jian
Xom
The Shining One
Jiyva

################.......#
#######................#######
.....##.########.......#
.....##.# #.#####.# .....##.#
#.# #.# .....##.##### #.# #.#
....[.#.....# #.# #.#
......#####.####O# #.#
................@# #.#
......#####.##########.#
###.@.# ###.........##.#
###...# #<........#.##.#
......# #.........#.##.#
...##.# #.........#.##.#
...##.# #.........#....#
...#░░░░░.░░░░░...######
...#░.........░...#


You could see an ogre.


Message History

The phantom hits you but does no damage.
The ogre hits you with a +0 giant club.
* * * LOW HITPOINT WARNING * * *
The phantom hits you.
* * * LOW HITPOINT WARNING * * *
The phantom blinks!
You blink.
Unknown command.
You block the ogre's attack.
The phantom hits you but does no damage.
You climb upwards.
There is a stone staircase leading down here.
Unknown command.
The phantom hits you but does no damage.
There is a stone staircase leading up here.
You block the ogre's attack.
You climb upwards.
There is a stone staircase leading down here.
You hit the ogre.
The ogre is moderately wounded.
The ogre barely misses you.
Your plate armour prevents you from hitting the ogre.
The ogre is moderately wounded.
You block the ogre's attack.
Your shield and plate armour prevent you from hitting the ogre.
The ogre is moderately wounded.
The ogre barely misses you.
You barely miss the ogre.
The ogre is moderately wounded.
The ogre hits you with a +0 giant club!!
You die...

Skill      XL: |  1  2  3  4  5  6 |
---------------+-------------------+-----
Armour         | 4 5 |  5.4
Fighting       | 4 5 |  5.3
Maces & Flails | 3 4 |  4.3
Shields        | 4 5 |  5.3

Action                   |  1- 3 |  4- 6 |  7- 9 || total
-------------------------+-------+-------+-------++-------
Melee: Flail             |   147 |   169 |    63 ||   379
       Unarmed           |       |       |    21 ||    21
  Use: Scroll            |       |     2 |       ||     2
Armor: Scale mail        |    13 |       |       ||    13
       Chain mail        |    89 |    27 |       ||   116
       Plate armour      |       |   187 |    85 ||   272
Dodge: Dodged            |    32 |    47 |    16 ||    95
Block: Kite shield       |    80 |   126 |    71 ||   277

Levels and vault maps discovered:
D:1:      minmay_arrival_four_circles, layout_basic, basic_ecumenical_altar
D:2:      layout_loops_ring, grunt_ministairs_6
D:3:      layout_basic, nicolae_overflow_crystal_walls, serial_curves,
          eino_curves_01, eino_curves_04
D:4:      layout_rooms, nicolae_uskayaw_suspiria,
          minmay_temple_entry_antechambers, uniq_eustachio, uniq_edmund
D:5:      layout_loops_corners, lemuel_coloured_pillars_altar, zin_purify,
          minmay_circle_x, uniq_sigmund
Temple:   pf_slimified_temple

Notes
Turn   | Place    | Note
-------+----------+-------------------------------------------
     0 | D:1      | infcreate the Gargoyle Fighter began the quest for the Orb.
     0 | D:1      | Reached XP level 1. HP: 14/14 MP: 1/1
   120 | D:1      | Reached XP level 2. HP: 19/19 MP: 2/2
   149 | D:1      | Found a faded altar of an unknown god.
   967 | D:1      | Reached XP level 3. HP: 22/23 MP: 3/3
  1930 | D:2      | Reached XP level 4. HP: 29/29 MP: 4/4
  2113 | D:3      | Reached skill level 4 in Armour
  2161 | D:3      | Found a sparkling altar of Nemelex Xobeh.
  2716 | D:3      | Reached skill level 4 in Fighting
  3045 | D:4      | Noticed a scorpion
  3067 | D:4      | Killed a scorpion
  3068 | D:4      | Reached skill level 3 in Maces & Flails
  3068 | D:4      | Reached skill level 4 in Shields
  3068 | D:4      | Reached XP level 5. HP: 19/33 MP: 5/5
  3232 | D:4      | Noticed Eustachio
  3849 | D:3      | Killed Eustachio
  3850 | D:3      | Reached XP level 6. HP: 28/39 MP: 6/6
  4155 | D:4      | Found a hide-covered altar of Uskayaw.
  4256 | D:4      | Reached skill level 5 in Fighting
  4256 | D:4      | Reached skill level 4 in Maces & Flails
  4256 | D:4      | Reached skill level 5 in Armour
  4256 | D:4      | Reached skill level 5 in Shields
  4256 | D:4      | Reached XP level 7. HP: 21/44 MP: 7/7
  4630 | D:4      | Noticed Edmund
  4765 | D:4      | Found a staircase to the Ecumenical Temple.
  4855 | Temple   | Entered the Ecumenical Temple
  4978 | Temple   | Became a worshipper of Warmaster Okawaru
  5047 | D:4      | Killed Edmund
  5242 | D:5      | Entered Level 5 of the Dungeon
  5572 | D:3      | Slain by an ogre

Vanquished Creatures
  Eustachio (D:3)
  Edmund (D:4)
  2 ogres (D:4)
  A scorpion (D:4)
  An orc wizard (D:4)
  2 adders (D:4)
  3 worms
  2 dart slugs (D:2)
  8 orcs
  4 endoplasms (D:2)
  6 giant cockroaches
  8 goblins
  5 hobgoblins
  6 jackals (D:1)
  10 kobolds
  A quokka (D:2)
  9 ball pythons
  4 bats
  A frilled lizard (D:2)
  4 rats
79 creatures vanquished.

Table legend: (Time is in decaauts)
 A = Elapsed time spent in this place.
 B = Non-inter-level travel time spent in this place.
 C = Inter-level travel time spent in this place.
 D = Time resting spent in this place.
 E = Time spent auto-exploring this place.
 F = Levels seen in this place.
 G = Mean time per level.
                   A        B        C        D        E       F      G
               +--------+--------+--------+--------+--------+-----+--------+
         Total |   5764 |   5482 |    282 |    742 |   3558 |   6 |  960.7 |
       Dungeon |   5623 |   5357 |    266 |    742 |   3474 |   5 | 1124.6 |
        Temple |    140 |    124 |     16 |      0 |     84 |   1 |  140.0 |
               +--------+--------+--------+--------+--------+-----+--------+

Top non-repeatable levels by time:
     D:4: 1677 daAuts
     D:2: 1452 daAuts
     D:3: 1320 daAuts
     D:1: 1106 daAuts
  Temple: 140 daAuts
     D:5: 66 daAuts

Table legend:
 A = Non-vault XP
 B = Vault XP
 C = Vault XP percentage of total XP
 D = Non-vault monster count
 E = Vault monster count
 F = Vault count percentage of total count
                 A         B        C        D         E       F
            +---------+---------+-------+---------+---------+-------
      Total |     517 |     361 |  41.1 |      75 |       4 |   5.1
            +---------+---------+-------+---------+---------+-------
        D:1 |      35 |       0 |   0.0 |      21 |       0 |   0.0
        D:2 |      52 |       2 |   3.7 |      26 |       2 |   7.1
        D:3 |      31 |     202 |  86.7 |      14 |       1 |   6.7
        D:4 |     399 |     157 |  28.2 |      14 |       1 |   6.7
            +---------+---------+-------+---------+---------+-------
